 Dungeon Crawl Stone Soup version 0.20.1-4-g4af34eaf8e (webtiles) character file.

2109 Alfie the Archer (level 9, -8/78 HPs)
             Began as a Minotaur Hunter on Mar 9, 2020.
             Mangled by an orc warrior
             ... wielding a +0 short sword
              (14 damage)
             ... on level 6 of the Dungeon.
             The game lasted 00:20:12 (4266 turns).

Alfie the Archer (Minotaur Hunter)                  Turns: 4266, Time: 00:20:13

Health: -8/78      AC:  7    Str: 20    XL:     9   Next: 7%
Magic:  8/8        EV: 13    Int:  8    God:
Gold:   261        SH:  0    Dex: 11    Spells: 7/8 levels left

rFire    . . .     SeeInvis .   a - +1 shortbow
rCold    . . .     Gourm    .   (shield currently unavailable)
rNeg     . . .     Faith    .   c - +1 leather armour
rPois    .         Spirit   .   (helmet restricted)
rElec    .         Reflect  .   i - +2 cloak
rCorr    .         Harm     .   (no gloves)
MR       .....                  (no boots)
Stlth    +.........             (no amulet)
Regen    0.3/turn               (no ring)
MPRegen  0.2/turn               (no ring)

@: very slightly contaminated, invisible
A: retaliatory headbutt, horns 2
a: no special abilities


You were on level 6 of the Dungeon.
You were not hungry.

You visited 1 branch of the dungeon, and saw 6 of its levels.

You collected 261 gold pieces.

Inventory:

Hand Weapons
 a - a +1 shortbow (weapon)
 b - a +0 short sword
Missiles
 d - 60 arrows (quivered)
Armour
 c - a +1 leather armour (worn)
 i - a +2 cloak (worn)
 t - a +0 pair of gloves
Jewellery
 m - an uncursed amulet of the gourmand
Wands
 w - a wand of acid (9/15)
Scrolls
 e - 8 scrolls of identify
 g - a scroll of recharging
 j - 4 scrolls of remove curse
 k - 3 scrolls of teleportation
Potions
 f - a potion of brilliance {unknown}
 h - 3 potions of cancellation {unknown}
 l - a potion of agility {unknown}
 o - 3 potions of curing
 q - 3 potions of lignification {unknown}
 r - a potion of flight {unknown}
 s - a potion of magic {unknown}
 u - a potion of invisibility
Books
 v - a book of Maledictions

   Spells                             Type                      Level
   a - Corona                         Hexes                        1
   b - Ensorcelled Hibernation        Hexes/Ice                    2
   c - Confuse                        Hexes                        3
   d - Tukima's Dance                 Hexes                        3
   e - Dazzling Spray                 Conjuration/Hexes            3
Comestibles
 n - 3 meat rations
 p - a bread ration


   Skills:
 + Level 6.9 Fighting
 + Level 1.9 Short Blades
 + Level 11.1 Bows
 + Level 3.4 Armour
 + Level 3.3 Dodging
 + Level 1.4 Stealth


You had 7 spell levels left.
You knew the following spells:

 Your Spells              Type           Power        Failure   Level  Hunger
a - Corona                Hex            #......      45%         1    ##.....


Dungeon Overview and Level Annotations

Branches:
Dungeon (6/15)             Temple (0/1) D:5

Altars:
Dithmenos
Vehumet
Xom
Zin

Annotations:
D:5 1 runed door


Innate Abilities, Weirdness & Mutations

You reflexively headbutt those who attack you in melee.
You have a pair of horns on your head.


Message History

The orc warrior is heavily wounded.
The orc warrior hits you with a short sword!
* * * LOW HITPOINT WARNING * * *
The orc priest invokes the aid of Beogh against you.
Beogh smites you!
* * * LOW HITPOINT WARNING * * *
You feel better.
The orc warrior hits you with a short sword.
* * * LOW HITPOINT WARNING * * *
You fade into invisibility!
The orc warrior misses you.
You are very lightly contaminated with residual magic.
Firing (i - inventory):
d - 61 arrows (quivered)
Press: ? - help, Shift-Dir - straight line, f/p - orc warrior
Aim: an orc warrior, wielding a short sword and wearing a chain mail (heavily wounded)
You shoot an arrow.
The arrow hits the orc warrior but does no damage.
The orc warrior is heavily wounded.
The orc warrior hits you with a short sword!
You die...

##...#### # #.......### #
<..### #.......# .).#
#....†..# ...# ## #......##
...# ... #......# ...# ....
#.>....# .).# .....
#......##### .)<#
[.....#########..)...)...##
.).#
(..).((.oo@.......######..#
...#
....(.###########.#....#..#
...# ..... #.#....#... ####
.... #.#....#..# ...
#.#....#..# .. #.#.)..#..#
# #.##'###..# #....)))).#
#.........#


You could see an orc warrior and an orc priest.

Vanquished Creatures
  Pikel (D:6)
  Grinder (D:6)
  Sigmund (D:2)
  Menkaure (D:5)
  An orc warrior (D:6)
  A necrophage (D:6)
  A phantom (D:4)
  An ogre (D:5)
  Blork the orc (D:6)
  A bullfrog (D:5)
  A scorpion (D:4)
  A howler monkey (D:4)
  A crimson imp (D:5)
  2 hounds (D:5)
  A quasit (D:5)
  A bullfrog skeleton (D:5)
  An orc priest (D:4)
  3 orc wizards
  Terence (D:2)
  2 iguanas
  2 worker ants
  A hound skeleton (D:5)
  A howler monkey zombie (D:5)
  Robin (D:2)
  4 adders
  3 gnolls (D:5)
  A howler monkey skeleton (D:5)
  An adder skeleton (D:5)
  3 worms
  5 dart slugs
  5 leopard geckos
  16 orcs
  2 giant cockroaches
  15 goblins
  10 hobgoblins
  10 jackals
  12 kobolds
  3 quokkas
  6 bats
  6 frilled lizards
  A quokka skeleton (D:4)
  4 rats
136 creatures vanquished.

Vanquished Creatures (others)
  A slave (D:6)
  An orc wizard (D:6)
  2 orcs (D:6)
4 creatures vanquished.

Grand Total: 140 creatures vanquished

Notes
Turn   | Place    | Note
-------+----------+-------------------------------------------
     0 | D:1      | Alfie the Minotaur Hunter began the quest for the Orb.
     0 | D:1      | Reached XP level 1. HP: 18/18 MP: 0/0
    36 | D:1      | Reached XP level 2. HP: 16/25 MP: 1/1
   137 | D:1      | Reached skill level 5 in Bows
   404 | D:1      | Reached XP level 3. HP: 30/30 MP: 2/2
  1025 | D:2      | Noticed Sigmund
  1035 | D:2      | Killed Sigmund
  1035 | D:2      | Reached skill level 6 in Bows
  1035 | D:2      | Reached skill level 1 in Armour
  1035 | D:2      | Reached XP level 4. HP: 12/38 MP: 3/3
  1035 | D:2      | Reached XP level 5. HP: 14/45 MP: 4/4
  1039 | D:2      | HP: 2/45 [worm (6)]
  1040 | D:2      | Reached skill level 7 in Bows
  1410 | D:2      | Noticed Terence
  1434 | D:2      | Killed Terence
  1593 | D:3      | Noticed Robin
  1598 | D:2      | Killed Robin
  1598 | D:2      | Reached XP level 6. HP: 47/51 MP: 5/5
  1717 | D:3      | Found a radiant altar of Vehumet.
  1740 | D:3      | Found a shimmering altar of Xom.
  1852 | D:3      | Found a shadowy altar of Dithmenos.
  2339 | D:4      | Reached skill level 1 in Short Blades
  2339 | D:4      | Reached skill level 8 in Bows
  2339 | D:4      | Reached skill level 1 in Stealth
  2435 | D:4      | Reached XP level 7. HP: 42/60 MP: 6/6
  2961 | D:5      | Entered Level 5 of the Dungeon
  2964 | D:5      | Found a glowing silver altar of Zin.
  3125 | D:5      | Found a staircase to the Ecumenical Temple.
  3249 | D:5      | Reached skill level 9 in Bows
  3305 | D:5      | Noticed Menkaure
  3319 | D:5      | Killed Menkaure
  3319 | D:5      | Reached skill level 5 in Fighting
  3385 | D:5      | Reached XP level 8. HP: 39/68 MP: 7/7
  3687 | D:5      | Found a runed door.
  3746 | D:6      | Noticed Pikel
  3966 | D:6      | Killed Pikel
  3966 | D:6      | Reached skill level 10 in Bows
  4018 | D:6      | Noticed Blork the orc
  4038 | D:6      | Killed Blork the orc
  4077 | D:6      | Noticed Grinder
  4095 | D:6      | Killed Grinder
  4142 | D:6      | Reached skill level 11 in Bows
  4142 | D:6      | Reached XP level 9. HP: 36/78 MP: 8/8
  4157 | D:6      | Learned a level 1 spell: Corona
  4266 | D:6      | Mangled by an orc warrior

Skill      XL: |  1  2  3  4  5  6  7  8 |
---------------+-------------------------+-----
Bows           | 5 6 7 8 9 11 | 11.1
Fighting       | 3 4 5 6 |  6.9
Armour         | 1 2 3 |  3.4
Short Blades   | 1 |  1.9
Stealth        | 1 |  1.4
Dodging        | 3 |  3.3

Action                   |  1- 3 |  4- 6 |  7- 9 || total
-------------------------+-------+-------+-------++-------
Melee: Short sword       |    11 |    44 |    25 ||    80
       Headbutt          |     3 |     8 |     5 ||    16
 Fire: Shortbow          |    90 |   152 |   258 ||   500
  Use: Scroll            |     4 |     7 |     2 ||    13
       Potion            |       |     1 |     2 ||     3
  Eat: Bread ration      |       |     1 |     1 ||     2
       Fruit             |       |     1 |       ||     1
       Royal jelly       |       |       |     1 ||     1
Armor: Leather armour    |     5 |    28 |    35 ||    68
Dodge: Dodged            |    28 |    37 |    71 ||   136
